cohdb
Replays
Latest Replays
All Replays
Popular Replays
Top Player Replays
Match Explorer
How It Works
Community
CoH3 Stats
Reddit
Sign in to upload your games and track your stats! →
Sign in with Steam
Match 42519743
Unlisted
Match 42519743
Overview
Messages
Build Orders
End
Vickers Machine Gun Team
Construct Section Command Post
Infantry Section
Infantry Section
Construct Platoon Command Post
Humber Armored Car
Royal Engineer Section
Royal Engineer Section
Royal Engineer Section
Royal Engineer Section
Construct Company Command Post
Crusader II Medium Tank
Foot Guards Section
Foot Guards Section
Skyline
Strider_perc
KevinTDW
Dctore
Sir Ringe
St. George Floyd
0
0
Comments
sign in to comment!
No comments posted yet!